Map: Baie du Roi EC

Players

Maverick

  • Race: Terran Terran
  • League: Diamond
  • Spawn Location: 5:00

Sorandom - Winner!

  • Race: Zerg Zerg
  • League: Diamond
  • Spawn Location: 11:00

VOD

Have the link to the VOD?

Description

Time

  • Played on: April 4, 2019, 4:35 p.m.
  • Length: 6:39
Show
View Real Time Build Order
Export as new Build Order

Maverick Terran 

Build Orders: Command Center First (CC) 

Get SALT Encoding   

  12  0:02  SCV  
  13  0:14  SCV  
  13  0:18  Supply Depot  
  14  0:26  SCV  
  15  0:40  SCV  
  16  0:52  SCV  
  17  1:01  Command Center  
  17  1:05  SCV  
  18  1:17  SCV  
  18  1:18  Barracks  
  19  1:23  Refinery  
  19  1:31  SCV  
  20  1:37  Barracks  
  20  1:43  SCV  
  21  1:50  Refinery  
  21  1:56  SCV  
  22  2:07  Barracks Reactor  
  22  2:08  Orbital Command  
  22  2:18  Orbital Command  
  22  2:25  Barracks Tech Lab  
  22  2:33  Factory  
  22  2:35  SCV  
  23  2:44  SCV  
  24  2:47  Marine x2  
  24  2:48  Marine  
  27  2:55  SCV  
  27  2:57  Stimpack  
  28  3:15  Marine x2  
  28  3:16  Marine  
  31  3:24  SCV x2  
  31  3:27  Starport  
  33  3:28  Factory Tech Lab, Bunker  
  33  3:36  SCV  
  34  3:44  Supply Depot, SCV  
  35  3:48  SCV  
  35  3:52  Marine  
  35  3:54  Marine  
  38  4:02  Supply Depot  
  38  4:06  SCV x2, Marine  
  38  4:09  Starport Reactor  
  41  4:12  Siege Tank  
  41  4:13  Marine  
  45  4:18  SCV  
  45  4:23  Marine  
  45  4:24  SCV  
  48  4:30  SCV  
  48  4:31  Bunker  
  47  4:33  Supply Depot  
  47  4:36  SCV  
  48  4:38  Marine x2  
  48  4:42  SCV  
  51  4:48  SCV  
  51  4:51  Medivac  
  54  4:55  Medivac, SCV  
  54  4:56  Supply Depot  
  57  5:00  SCV  
  58  5:07  SCV  
  58  5:12  SCV, Command Center  
  58  5:13  Supply Depot  
  60  5:18  Supply Depot  
  60  5:19  SCV  
  61  5:24  SCV  
  61  5:27  Engineering Bay  
  62  5:28  Engineering Bay  
  62  5:31  SCV  
  58  5:36  SCV  
  58  5:40  Marine  
  58  5:41  Marine x2  
  52  5:43  SCV  
  52  5:48  SCV  
  54  5:55  SCV  
  54  5:56  Supply Depot  
  55  5:58  Marine  
  55  6:00  SCV, Marine  
  55  6:01  Siege Tank  
  61  6:09  Marine  
  58  6:16  Marine  
  58  6:18  Marine  
Show
View Real Time Build Order
Export as new Build Order

Sorandom Zerg - Winner!

Build Orders: Pool First 

Get SALT Encoding   

  12  0:01  Drone  
  13  0:14  Overlord  
  13  0:22  Drone  
  14  0:39  Drone x3  
  17  0:50  Spawning Pool  
  17  0:54  Drone  
  17  1:16  Extractor  
  17  1:17  Hatchery  
  15  1:19  Drone  
  15  1:21  Drone  
  17  1:26  Drone  
  18  1:40  Queen  
  18  1:43  Overlord  
  20  1:49  Zergling x2  
  21  1:56  Drone  
  22  2:07  Drone  
  23  2:16  Queen, Drone  
  26  2:23  Metabolic Boost  
  26  2:30  Queen  
  26  2:32  Drone x2  
  30  2:39  Drone  
  30  2:41  Overlord  
  32  2:51  Drone x3  
  32  2:55  Zergling x2  
  35  3:04  Zergling x2, Drone  
  35  3:05  Zergling x2  
  38  3:15  Baneling Nest  
  38  3:18  Zergling x4  
  38  3:23  Zergling x2  
  39  3:32  Zergling x2  
  40  3:36  Zergling x4  
  42  3:47  Hatchery  
  41  3:48  Zergling x2  
  41  3:49  Zergling x4  
  44  3:58  Baneling x6  
  44  4:00  Overlord x2  
  38  4:26  Zergling x16  
  38  4:27  Zergling x6  
  46  4:40  Drone x2  
  48  4:47  Zergling x12  
  48  4:51  Drone  
  55  5:01  Baneling x9  
  55  5:06  Zergling x2  
  55  5:07  Zergling x6  
  59  5:12  Drone  
  59  5:13  Drone x2  
  63  5:21  Zergling x8  
  57  5:38  Zergling x12  
  57  5:41  Zergling x2  
  57  5:48  Baneling x5  
  56  5:52  Zergling x12  
  62  6:00  Zergling x4  
  62  6:01  Zergling x2  
  61  6:17  Zergling x10  
  65  6:20  Zergling x2  
  65  6:22  Baneling  
  65  6:23  Baneling x3  
Tags
 
Add a new tag
Caveats
  • Supply blocks, unpowered buildings, or Contaminate may cause inaccurate times.
  • Supply counts are checked every 10 seconds.